 Dungeon Crawl Stone Soup version 0.31-a0-345-g1ebeae05c6 (webtiles) character file.

Game seed: 7751125813602717819

11 drugrobin the Sneak (level 2, 0/25 HPs)
             Began as a Demigod Delver on July 23, 2023.
             Succumbed to an adder's poison
             ... on level 3 of the Dungeon.
             The game lasted 00:01:46 (372 turns).

drugrobin the Sneak (Demigod Delver)                 Turns: 372, Time: 00:01:46

Health: 0/25       AC: 10    Str: 13    XL:     2   Next: 3%
Magic:  4/4        EV: 10    Int: 12    God:
Gold:   39         SH:  0    Dex: 11    Spells: 1/1 levels left

rFire   . .          .
                       - Unarmed
rCold   + . .        (no shield)
rNeg    . . .        i - +4 ring mail of Dust Devil {Rampage rC+ Dex-4}
rPois   +            (no helmet)
rElec   .            h - +0 cloak
rCorr   .            (no gloves)
SInv    .            (no boots)
Will    .....        (no amulet)
Stlth   ++           j - ring of poison resistance
HPRegen 0.24/turn    (no ring)
MPRegen 0.09/turn

%: rampage
@: brilliant, lethally poisoned (0 -> -3)
A: high MP 1, forlorn, divine attributes
a: no special abilities


You were on level 3 of the Dungeon.
You visited 1 branch of the dungeon, and saw 3 of its levels.

You collected 39 gold pieces.

Inventory:

Armour
 h - a +0 cloak (worn)
 i - the +4 ring mail of Dust Devil (worn) {Rampage rC+ Dex-4}
   (You found it on level 4 of the Dungeon)

   Dex:       It affects your dexterity (-4).
   rC:        It protects you from cold.
   Rampage:   It bestows one free step when moving towards enemies.
Jewellery
 j - a ring of poison resistance (left hand)
Wands
 a - a wand of paralysis (3)
 f - a wand of digging (3)
Scrolls
 b - a scroll of fog
 c - a scroll of revelation
 d - a scroll of fear
 g - a scroll of noise {unknown}
Potions
 e - a potion of haste


   Skills:
 - Level 2.6 Fighting
 - Level 1.7 Dodging
 - Level 4.5 Stealth
 + Level 2.6 Unarmed Combat


You had one spell level left.
You didn't know any spells.
Your spell library was empty.

Dungeon Overview and Level Annotations

Branches:
Dungeon (5/15)
 Temple: D:4-7

Annotations:
D:5 exclusion: ogre


Innate Abilities, Weirdness & Mutations

You have an increased reservoir of magic. (+10% MP)
You shall have no god before yourself.
Your divine heritage dramatically boosts your attributes as you level up.


Message History

The adder poisons you!
You barely miss the adder.
The adder is severely wounded.
You feel sick. The adder bites you.
You are lethally poisoned!
The adder poisons you!
You closely miss the adder.
The adder is severely wounded.
* * * LOW HITPOINT WARNING * * *
You feel sick. The adder bites you.
* * * LOW HITPOINT WARNING * * *
You closely miss the adder.
The adder is severely wounded.
* * * LOW HITPOINT WARNING * * *
You feel sick. The adder barely misses you.
Unknown command.
Unknown command.
Aiming: Paralyse
Press: ? - help, Shift-Dir - straight line, f - adder
Aim: an adder (severely wounded, chance to affect: 57%)
The adder suddenly stops moving!
* * * LOW HITPOINT WARNING * * *
You feel sick.
Unknown command.
Unknown command.
It was a potion of brilliance.
You feel clever all of a sudden.
* * * LOW HITPOINT WARNING * * *
You feel sick.
Unknown command.
Unknown command.
The helpless adder fails to defend itself.
You hit the adder.
The adder is almost dead.
* * * LOW HITPOINT WARNING * * *
You feel sick.
The helpless adder fails to defend itself.
You hit the adder.
You kill the adder!
You die...

...#### ##
......... #?
~~..≈.≈ # ..
~~~..##.# #.#.
≈....~#.#
..##≈.♣~.~..
#♣~♣†~~.~≈..
#~~@~#♣~≈###
#.~.~~.~~.~#
####.~♣~...####
♣...~.♣~.~...#
#♣~~.≈.~~....#
####.##.....#
#........######
####....†......
#.......###.


There were no monsters in sight!

Vanquished Creatures
  An adder (D:3)
  2 hobgoblins
  4 jackals (D:4)
  A kobold (D:4)
  A quokka (D:3)
9 creatures vanquished.

Notes
Turn   | Place    | Note
-------+----------+-------------------------------------------
     0 | D:5      | drugrobin the Demigod Delver began the quest for the Orb.
     0 | D:5      | Reached XP level 1. HP: 18/18 MP: 3/3
     6 | D:5      | Noticed an ogre
   117 | D:4      | Identified the +4 ring mail of Dust Devil {Rampage rC+
                  | Dex-4}
   323 | D:3      | Reached XP level 2. HP: 24/25 MP: 4/4
   370 | D:3      | HP: 1/25 [poisoned by an adder]
   372 | D:3      | Succumbed to an adder's poison

Illustrated notes

Levels and vault maps discovered:
D:3:      layout_rooms, mainiacjoe_overflow_two_lobes,
          chequers_serial_rivers_marsh
D:4:      layout_loops_corners, uniq_pikel
D:5:      layout_loops_corners, mainiacjoe_overflow_brackets, xom_redecorated,
          elyvilon_altar_5, grunt_temple_overflow_open,
          minmay_temple_entry_slanted

Skill      XL: |  1 |
---------------+----+-----
Unarmed Combat | 2 |  2.6
Fighting       | |  2.6
Dodging        | |  1.7
Stealth        | |  4.5

Action                     || total
---------------------------++-------
  Melee: Unarmed           ||    62
  Evoke: Wand              ||     1
    Use: Potion            ||     1
   Stab: Paralysed         ||     2
 Armour: Ring mail         ||    23
  Dodge: Dodged            ||    30

Table legend: (Time is in decaauts)
 A = Elapsed time spent in this place.
 B = Non-inter-level travel time spent in this place.
 C = Inter-level travel time spent in this place.
 D = Time resting spent in this place.
 E = Time spent auto-exploring this place.
 F = Levels seen in this place.
 G = Mean time per level.
                   A        B        C        D        E       F      G
               +--------+--------+--------+--------+--------+-----+--------+
         Total |    369 |    369 |      0 |      0 |    100 |   3 |  123.0 |
       Dungeon |    369 |    369 |      0 |      0 |    100 |   3 |  123.0 |
               +--------+--------+--------+--------+--------+-----+--------+

Top non-repeatable levels by time:
     D:4: 212 daAuts
     D:5: 92 daAuts
     D:3: 64 daAuts
